 Dungeon Crawl Stone Soup version 0.28.0-53-g5a82cb258f (webtiles) character file.

Game seed: 12401629539714690030

157 DocClef the Magician (level 5, -2/52 HPs)
             Began as a Demonspawn Hedge Wizard on July 6, 2022.
             Slain by Grinder (8 damage)
             ... while paralysed by Grinder
             ... on level 3 of the Dungeon.
             The game lasted 00:04:59 (4307 turns).

DocClef the Magician (Demonspawn Hedge Wizard)      Turns: 4307, Time: 00:04:59

Health: -2/52      AC: 22    Str: 11    XL:     5   Next: 15%
Magic:  10/10      EV:  2    Int: 23    God:
Gold:   93         SH:  0    Dex: 18    Spells: 11/12 levels left

rFire   . . .      SeeInvis .   e - +0 dagger (venom)
rCold   . . .      Faith    .   (no shield)
rNeg    . . .      Spirit   .   (armour currently unavailable)
rPois   +          Reflect  .   (helmet currently unavailable)
rElec   .          Harm     .   (cloak currently unavailable)
rCorr   .          Rampage  .   (gloves currently unavailable)
Will    .....      NoTele   +   (boots currently unavailable)
Stlth   ++........              (no amulet)
HPRegen 0.17/turn               s - +6 ring of intelligence
MPRegen 0.12/turn               t - +6 ring of dexterity

@: paralysed, mighty, tree-form, attractive
A: stationary, stasis, torment immunity, boosted hp, (hooves 1), ignite blood 1,
low MP 1, (teleportitis 1)
a: no special abilities


You were on level 3 of the Dungeon.
You were a tree.
You visited 1 branch of the dungeon, and saw 4 of its levels.

You collected 93 gold pieces.

Inventory:

Hand Weapons
 a - a +0 dagger
 e - a +0 dagger of venom (weapon)
Missiles
 h - a throwing net
Armour
 b - a +0 robe (melded)
 n - a +0 pair of boots (melded)
 r - a +2 helmet (melded)
Jewellery
 s - a +6 ring of intelligence (left branch)
 t - a +6 ring of dexterity (right branch)
Scrolls
 d - a scroll of brand weapon {unknown}
 k - 3 scrolls of identify {unknown}
 l - a scroll of magic mapping {unknown}
 q - a scroll of holy word {unknown}
 u - a scroll of torment {unknown}
Potions
 g - a potion of flight
 o - 3 potions of brilliance {unknown}
 p - a potion of heal wounds {unknown}
 v - a potion of berserk rage {unknown}


   Skills:
 - Level 1.5 Short Blades
 - Level 1.7 Dodging
 - Level 1.7 Stealth
 - Level 4.3 Spellcasting
 + Level 3.0 Conjurations
 - Level 1.0 Summonings
 - Level 0.8 Translocations


You had 11 spell levels left.
You knew the following spells:

 Your Spells              Type           Power      Damage    Failure   Level
a - Magic Dart            Conj           72%        1d6       3%          1

Your spell library contained the following spells:

 Spells                   Type           Power      Damage    Failure   Level
 Slow                     Hex            20%        N/A       10%         1
 Call Imp                 Summ           9%         N/A       10%         2
 Blink                    Tloc           16%        N/A       11%         2
 Conjure Flame            Conj/Fire      12%        6-21      16%         3
 Mephitic Cloud           Conj/Pois/Air  9%         N/A       21%         3


Dungeon Overview and Level Annotations

Branches:
Dungeon (4/15)
 Temple: D:4-7

Altars:

Shops:
D:2 ?

Annotations:
D:3 Grinder


Innate Abilities, Weirdness & Mutations

You are a tree.
Your roots penetrate the ground, keeping you stationary.
You cannot be teleported.
You are immune to unholy pain and torment.
Your maximum health is greatly increased.
Your equipment is partially melded.
((You have large cloven feet.))
Your demonic aura sometimes causes spilled blood to erupt in flames.
Your magical capacity is low. (-10% MP)
((You are occasionally teleported next to monsters.))


Message History

Grinder misses you.
Unknown command.
You hit Grinder but do no damage.
Grinder is heavily wounded.
Grinder hits you.
* * * LOW HITPOINT WARNING * * *
You writhe in agony.
* * * LOW HITPOINT WARNING * * *
Unknown command.
You hit Grinder but do no damage.
Grinder is heavily wounded.
Grinder misses you.
Unknown command.
It was a potion of mutation.
You feel extremely strange.
You feel less energetic.
You feel weirdly uncertain. Grinder hits you but does no damage.
It was a potion of attraction.
You feel attractive to monsters. Grinder misses you.
It was a potion of flight.
You feel very buoyant.
You fly up into the air.
Grinder closely misses you.
It was a potion of might.
You feel very mighty all of a sudden. Grinder misses you.
It was a potion of lignification.
You turn into a tree.
Your +2 helmet melds into your body.
Your +0 pair of boots melds into your body.
Your +0 robe melds into your body.
Your roots penetrate the ground.
Grinder hits you but does no damage.
It was a potion of magic.
Magic courses through your body. Grinder gestures at you.
You suddenly lose the ability to move!
Grinder hits you but does no damage.
Grinder blinks!
Grinder is attracted toward you.
Grinder blinks!
Grinder is attracted toward you.
Grinder says, "Just stop there for a second..."
Grinder hits you!
You die...

#################
#...............#
############♣#############.#
#..........#5# #.#
#.########.#.# #.# #.# #.#§#
#.# #.# #.#.# #.# #####'###
#.#.# #.# ........# #.#.#
#.# ........# #(#.# #.#
........# #.#.# #.#


You could see Grinder.

Vanquished Creatures
  A hound (D:3)
  Robin (D:4)
  5 adders
  2 worms (D:2)
  4 bats (D:2)
  6 endoplasms
  3 giant cockroaches
  12 goblins
  8 hobgoblins
  2 jackals (D:2)
  2 quokkas (D:2)
  7 ball pythons
  5 frilled lizards
  4 kobolds
  4 rats
66 creatures vanquished.

Vanquished Creatures (others)
  36 plants (D:4)
36 creatures vanquished.

Grand Total: 102 creatures vanquished

Notes
Turn   | Place    | Note
-------+----------+-------------------------------------------
     0 | D:1      | DocClef the Demonspawn Hedge Wizard began the quest for the
                  | Orb.
     0 | D:1      | Reached XP level 1. HP: 13/13 MP: 4/4
   587 | D:1      | Gained mutation: You have large cloven feet. [demonic
                  | ancestry]
   587 | D:1      | Reached XP level 2. HP: 9/19 MP: 4/6
  1613 | D:2      | Reached skill level 1 in Short Blades
  1613 | D:2      | Reached XP level 3. HP: 22/24 MP: 8/8
  1881 | D:2      | Found Kemaumych's Magic Scroll Boutique.
  1904 | D:2      | Reached skill level 4 in Spellcasting
  2460 | D:2      | Found a faded altar of an unknown god.
  2699 | D:3      | Gained mutation: Your demonic aura sometimes causes spilled
                  | blood to erupt in flames. [demonic ancestry]
  2699 | D:3      | Reached XP level 4. HP: 30/30 MP: 10/10
  2857 | D:3      | Noticed Robin
  3293 | D:4      | Killed Robin
  3448 | D:4      | Noticed a black bear
  3756 | D:3      | Reached XP level 5. HP: 35/35 MP: 11/11
  4275 | D:3      | Noticed Grinder
  4276 | D:3      | Paralysed by Grinder for 4 turns
  4284 | D:3      | Paralysed by Grinder for 2 turns
  4297 | D:3      | Gained mutation: Your magical capacity is low. (-10% MP)
                  | [potion of mutation]
  4297 | D:3      | Gained mutation: You are occasionally teleported next to
                  | monsters. [potion of mutation]
  4302 | D:3      | Paralysed by Grinder for 7 turns
  4307 | D:3      | Slain by Grinder

Illustrated notes

Levels and vault maps discovered:
D:1:      dpeg_arrival_chambers_temple_mockup, layout_basic, chequers_arboretum,
          minmay_misc_feat_five
D:2:      layout_basic, hellmonk_ecumenical_altar_pennies_from_heaven,
          serial_shops, shop_fountains, grunt_ministairs_5, amethyst_killhole,
          minmay_misc_feat_rows, minmay_quantized
D:3:      layout_basic, uniq_robin, uniq_grinder
D:4:      layout_rooms, marbit_many_paths, lemuel_crystal_altar,
          minmay_temple_entry_poolview, serial_bayou, serial_bayou_pond_e,
          serial_bayou_shore_b, serial_bayou_lagoon_a, serial_bayou_ford_a

Skill      XL: |  1  2  3  4  5 |
---------------+----------------+-----
Short Blades   | 1 |  1.5
Spellcasting   | 4 |  4.3
Conjurations   | 2 3 |  3.0
Dodging        | |  1.7
Stealth        | |  1.7
Summonings     | |  1.0
Translocations | |  0.8

Action                   |  1- 3 |  4- 6 || total
-------------------------+-------+-------++-------
Melee: Dagger            |    93 |    97 ||   190
       Kick              |     8 |       ||     8
       Punch             |     3 |       ||     3
 Cast: Magic Dart        |    32 |    19 ||    51
  Use: Potion            |       |     6 ||     6
 Stab: Sleeping          |     5 |     1 ||     6
Armor: Robe              |    19 |    39 ||    58
       Skin              |       |     2 ||     2
Dodge: Dodged            |    48 |    75 ||   123
